 Dungeon Crawl Stone Soup version 0.29-a0-813-g4a14ea37d6 (webtiles) character file.

Game seed: 11903376740694198985

65 indigestion the Firebug (level 3, -1/26 HPs)
             Began as a Demigod Fire Elementalist on July 5, 2022.
             Slain by an orc wizard
             ... wielding a +0 dagger
              (3 damage)
             ... on level 3 of the Dungeon.
             The game lasted 00:05:58 (2477 turns).

indigestion the Firebug (Demigod Fire Elementalist) Turns: 2477, Time: 00:05:59

Health: -1/26      AC:  2    Str:  9    XL:     3   Next: 66%
Magic:  8/9        EV: 12    Int: 21    God:
Gold:   101        SH:  5    Dex: 14    Spells: 5/6 levels left

rFire   . . .      SeeInvis .   c - +0 short sword
rCold   . . .      Faith    .   (no shield)
rNeg    . . .      Spirit   .   a - +0 robe
rPois   .          Reflect  +   (no helmet)
rElec   .          Harm     .   (no cloak)
rCorr   .          Rampage  .   (no gloves)
Will    .....                   (no boots)
Stlth   ++........              q - amulet of reflection
HPRegen 0.08/turn               (no ring)
MPRegen 0.11/turn               (no ring)

@: brilliant
A: high MP 1, forlorn, divine attributes
a: no special abilities


You were on level 3 of the Dungeon.
You visited 1 branch of the dungeon, and saw 3 of its levels.

You collected 101 gold pieces.

Inventory:

Hand Weapons
 c - a +0 short sword (weapon)
 m - a +0 glaive
Armour
 a - a +0 robe (worn)
Magical Staves
 f - a staff of cold
Jewellery
 q - an amulet of reflection (around neck)
Scrolls
 g - a scroll of vulnerability {unknown}
 h - a scroll of poison {unknown}
 j - a scroll of enchant weapon {unknown}
 k - a scroll of teleportation
 l - a scroll of amnesia
 o - a scroll of fear {unknown}
 p - a scroll of enchant armour {unknown}
 u - 2 scrolls of blinking {unknown}
Potions
 b - a potion of magic
 d - a potion of invisibility {unknown}
 e - a potion of curing {unknown}
 i - a potion of attraction {unknown}
 n - 3 potions of heal wounds
 r - a potion of haste {unknown}
 s - a potion of brilliance
 t - a potion of resistance {unknown}


   Skills:
 - Level 2.0 Dodging
 - Level 2.0 Stealth
 + Level 2.4 Spellcasting
 + Level 1.9 Conjurations
 + Level 3.2 Fire Magic


You had 5 spell levels left.
You knew the following spells:

 Your Spells              Type           Power      Damage    Failure   Level
a - Foxfire               Conj/Fire      80%        2x1d8     4%          1

Your spell library contained the following spells:

 Spells                   Type           Power      Damage    Failure   Level
 Scorch                   Fire           48%        2d7       5%          2
 Conjure Flame            Conj/Fire      20%        6-21      14%         3
 Blink                    Tloc           6%         N/A       22%         2
 Inner Flame              Hex/Fire       14%        N/A       22%         3
 Lesser Beckoning         Tloc           3%         N/A       38%         3
 Flame Wave               Conj/Fire      20%        2d7       43%         4
 Petrify                  Tmut/Erth      3%         N/A       80%         4
 Manifold Assault         Tloc           3%         N/A       98%         5
 Metabolic Englaciation   Hex/Ice        1%         N/A       98%         5
 Statue Form              Tmut/Erth      2%         N/A       100%        6


Dungeon Overview and Level Annotations

Branches:
Dungeon (3/15)

Portals:
Abyss: D:3

Annotations:
D:3 happo123's ghost, amateur MiHu


Innate Abilities, Weirdness & Mutations

You have an increased reservoir of magic. (+10% MP)
You shall have no god before yourself.
Your divine heritage dramatically boosts your attributes as you level up.


Message History

* * * LOW HITPOINT WARNING * * *
An orc comes into view. It is wielding a +0 dagger.
You miss something.
The orc shouts!
Something hits you.
* * * LOW HITPOINT WARNING * * *
You are too confused!
You bump into the rock wall.
Something completely misses you.
It was a potion of brilliance.
You feel clever all of a sudden.
You feel less confused. Something hits you.
* * * LOW HITPOINT WARNING * * *
It was a potion of heal wounds.
You feel much better.
You hear some strange, mumbled words.
You are confused.
You completely miss something. Something completely misses you.
You're too confused to cast spells.
Sorry, you're not good enough to have a special ability.
Something hits you but does no damage.
Things that are here:
a +0 club; 2 boomerangs You bump into the rock wall.
You hear some strange, mumbled words.
A puff of flame appears from out of thin air!
The puff of flame hits you!
You bump into the rock wall.
You hear some strange, mumbled words.
A magic dart appears from out of thin air!
The magic dart hits you.
You completely miss something.
You hear some strange, mumbled words.
A puff of flame appears from out of thin air!
The puff of flame hits you!
* * * LOW HITPOINT WARNING * * *
The orc barely misses you.
Unknown command.
You bump into the rock wall.
You feel less confused. Something hits you.
You die...

### #..
###.### .....
... #.#
#o#### #
#@{).# #.
####.# #. #.#
##.#
#.#####...###
#.##........#
#.##.# #..###
#.##.# #.....
#.##.# #.....
#.##.# #..###


You could see an orc.

Vanquished Creatures
  An adder (D:2)
  A dart slug (D:2)
  2 orcs (D:3)
  5 bats
  3 endoplasms
  3 giant cockroaches (D:2)
  10 goblins
  4 hobgoblins
  4 jackals (D:1)
  5 kobolds
  A quokka (D:1)
  A ball python (D:2)
  A rat (D:1)
41 creatures vanquished.

Vanquished Creatures (others)
  75 foxfires
75 creatures vanquished.

Grand Total: 116 creatures vanquished

Notes
Turn   | Place    | Note
-------+----------+-------------------------------------------
     0 | D:1      | indigestion the Demigod Fire Elementalist began the quest
                  | for the Orb.
     0 | D:1      | Reached XP level 1. HP: 14/14 MP: 5/5
   153 | D:1      | Reached skill level 1 in Conjurations
   565 | D:1      | Reached XP level 2. HP: 20/20 MP: 2/7
  1192 | D:1      | Reached skill level 3 in Fire Magic
  1484 | D:2      | Reached XP level 3. HP: 23/26 MP: 1/8
  2364 | D:3      | Found a one-way gate to the infinite horrors of the Abyss.
  2364 | D:3      | Noticed happo123's ghost (amateur MiHu)
  2469 | D:3      | HP: 1/26 [something (3)]
  2477 | D:3      | Slain by an orc wizard

Illustrated notes

Levels and vault maps discovered:
D:1:      wander_arrival_estate, layout_basic,
          dreamdust_ecumenical_altar_statues, minmay_misc_feat_x,
          minmay_misc_feat_room, minmay_misc_feat_hallway
D:2:      kennysheep_the_goblin_king, layout_loops_ring
D:3:      layout_loops_ring, gammafunk_ghost_abyssal_escape, st_stairs_2,
          serial_bayou_crossing

Skill      XL: |  1  2 |
---------------+-------+-----
Conjurations   | 1 |  1.9
Stealth        | 2 |  2.0
Dodging        | 2 |  2.0
Spellcasting   | 2 |  2.4
Fire Magic     | 3 |  3.2

Action                   || total
-------------------------++-------
Melee: Short sword       ||    60
       Unarmed           ||     3
 Cast: Foxfire           ||    44
  Use: Scroll            ||     2
       Potion            ||     2
 Stab: Sleeping          ||     2
Armor: Robe              ||    16
Dodge: Dodged            ||    48
Block: Other             ||     8

Table legend: (Time is in decaauts)
 A = Elapsed time spent in this place.
 B = Non-inter-level travel time spent in this place.
 C = Inter-level travel time spent in this place.
 D = Time resting spent in this place.
 E = Time spent auto-exploring this place.
 F = Levels seen in this place.
 G = Mean time per level.
                   A        B        C        D        E       F      G
               +--------+--------+--------+--------+--------+-----+--------+
         Total |   2482 |   2439 |     43 |    485 |   1619 |   3 |  827.3 |
       Dungeon |   2482 |   2439 |     43 |    485 |   1619 |   3 |  827.3 |
               +--------+--------+--------+--------+--------+-----+--------+

Top non-repeatable levels by time:
     D:1: 1439 daAuts
     D:2: 811 daAuts
     D:3: 230 daAuts
